 Dungeon Crawl Stone Soup version 0.30.0-29-ga12c61a403 (webtiles) character file.

Game seed: 17187438687267109185

3203 Zelen911 the Carver (level 9, -3/78 HPs)
             Began as a Green Draconian Berserker on June 21, 2023.
             Was a Priest of Trog.
             Slain by an orc warrior
             ... wielding a +0 war axe
              (14 damage)
             ... in a bailey.
             The game lasted 00:35:49 (7951 turns).

Zelen911 the Carver (Green Draconian Berserker)     Turns: 7951, Time: 00:35:50

Health: -3/78      AC: 10    Str: 19    XL:     9   Next: 65%
Magic:  9/9        EV: 14    Int:  8    God:    Trog [***...]
Gold:   451        SH: 10    Dex: 18    Spells: 8/8 levels left

rFire   + . .        a - +0 falchion
rCold   . . .        m - +0 kite shield
rNeg    . . .        (body armour unavailable)
rPois   +            (helmet restricted)
rElec   .            b - scarf of Lust {+Inv, Contam rF+ Stlth+}
rCorr   .            p - +1 pair of gloves {Dex+3}
SInv    .            f - +0 pair of boots
Will    .....        (no amulet)
Stlth   ++++         (no ring)
HPRegen 0.33/turn    (no ring)
MPRegen 0.11/turn

%: no passive effects
@: short of breath
A: breathe noxious fumes, AC +7, unfitting armour, poison resistance,
cold-blooded
a: Breathe Noxious Fumes, Renounce Religion, Evoke Invisibility, Berserk, Trog's
Hand


You were in a bailey.
You worshipped Trog.
Trog was most pleased with you.
You visited 1 branch of the dungeon, and saw 7 of its levels.
You also visited: Bailey.

You collected 451 gold pieces.

Inventory:

Hand Weapons
 a - a +0 falchion (weapon)
Missiles
 e - 8 boomerangs
 A - a throwing net
Armour
 b - the scarf of Lust (worn) {+Inv, Contam rF+ Stlth+}
   (You acquired it on level 2 of the Dungeon)

   rF:        It protects you from fire.
   Contam:    It causes magical contamination when unequipped.
   Stlth:     It makes you more stealthy.
 f - a +0 pair of boots (worn)
 h - a +0 pair of gloves
 m - a +0 kite shield (worn)
 p - a +1 pair of gloves of dexterity (worn)
Jewellery
 c - a ring of positive energy
 o - a ring of protection from cold
 u - a ring of magical power
 v - a ring of flight
 w - a ring of flight
Wands
 l - a wand of mindburst (13)
 y - a wand of flame (9)
Scrolls
 g - 2 scrolls of fog
 i - 4 scrolls of identify
 k - 2 scrolls of summoning
 s - a scroll of teleportation
 t - 3 scrolls of noise {unknown}
 x - a scroll of immolation {unknown}
 z - a scroll of enchant armour {unknown}
Potions
 d - 2 potions of flight
 j - a potion of haste
 n - a potion of brilliance
 q - 3 potions of attraction {unknown}
 r - 2 potions of might {unknown}


   Skills:
 + Level 6.7 Fighting
 + Level 9.2 Long Blades
 + Level 6.5 Dodging
 + Level 3.5 Stealth
 + Level 4.9 Shields


You had 8 spell levels left.
You didn't know any spells.
Your spell library contained the following spells:

 Spells                   Type           Power      Damage    Failure   Level
 Apportation              Tloc           0%         N/A       71%         1
 Sandblast                Erth           0%         2d4       71%         1
 Passwall                 Tmut/Erth      0%         N/A       83%         2
 Portal Projectile        Hex/Tloc       0%         N/A       97%         3
 Stone Arrow              Conj/Erth      0%         3d7       97%         3
 Tukima's Dance           Hex            0%         N/A       97%         3
 Alistair's Intoxication  Tmut/Pois      0%         N/A       100%        5
 Blade Hands              Tmut           0%         N/A       100%        5


Dungeon Overview and Level Annotations

Branches:
Dungeon (7/15)             Temple (0/1) D:4          Bailey (1/1)

Altars:
Dithmenos
Fedhas
Hepliaklqana
Kikubaaqudgha
Makhleb
Okawaru
Ru
Trog
Wu Jian
Zin
The Shining One

Shops:
D:3 *   D:4 !


Innate Abilities, Weirdness & Mutations

You can breathe blasts of noxious fumes.
Your lurid green scales are hard. (AC +7)
You cannot fit into any form of body armour.
Your system is resistant to poisons. (rPois)
You are cold-blooded and may be slowed by cold attacks.


Message History

You hit the orc warrior.
The orc warrior is moderately wounded.
The orc warrior completely misses you.
You hit the orc warrior.
Your tail-slap misses the orc warrior.
The orc warrior is moderately wounded.
The orc warrior closely misses you. The orc warrior barely misses you.
You slash the orc warrior!
The orc warrior is severely wounded.
You block the orc warrior's attack.
The orc warrior hits you with a +0 war axe.
You hit the orc warrior but do no damage.
The orc warrior is severely wounded.
The kobold throws a boomerang.
The boomerang closely misses you. The kobold hits you but does no damage.
The orc warrior hits you with a +0 war axe!
You block the orc warrior's attack.
You hit the orc warrior.
The orc warrior is almost dead.
You block the kobold's attack.
The orc warrior hits you with a +0 war axe! x2
You barely miss the orc warrior.
Your tail-slap misses the orc warrior.
The orc warrior is almost dead.
The kobold throws a boomerang.
You block the boomerang. You block the kobold's attack.
The orc warrior misses you.
The orc warrior hits you with a +0 war axe.
* * * LOW HITPOINT WARNING * * *
Unknown command.
Aiming: Breathe Noxious Fumes (4% risk of failure)
Press: ? - help, Shift-Dir - straight line, f - orc warrior
Aim: an orc warrior, wielding a +0 war axe and wearing a +0 scale mail (almost dead, 50% to hit)
You exhale a blast of noxious fumes.
The blast of choking fumes hits the orc warrior.
You kill the orc warrior!
Trog accepts your kill.
The orc warrior hits you with a +0 war axe!
* * * LOW HITPOINT WARNING * * *
The kobold misses you.
The orc warrior attacks as you move away!
The orc warrior hits you with a +0 war axe!
You die...

..## ..## ...####
#.....#### ##.......###
#..∩......####
#.............####
≈≈≈≈≈≈≈≈≈........###
≈≈≈≈≈≈≈≈≈≈≈~....@..##
#########≈≈≈≈≈.K☼o..##
#.o.!.o.#K≈≈≈≈≈≈○....#
#.......####.≈≈~☼≈≈≈≈≈≈#
####+####..#....☼≈≈≈≈≈≈≈
^...###..☼...#### ###.
#..☼..## #......
...⌠....


You could see an orc warrior and 2 kobolds.

Vanquished Creatures
  Grinder (D:3)
  Prince Ribbit (D:6)
  5 yaks (D:6)
  Eustachio (D:6)
  Menkaure (D:5)
  2 orc warriors
  2 centaurs
  2 ogres (D:6)
  A kobold brigand (D:7)
  Blork the orc (D:6)
  2 bullfrogs (D:6)
  A gnoll sergeant (D:5)
  6 scorpions
  2 jellies (D:7)
  2 orc priests
  A gnoll bouda (D:6)
  Jessica (D:2)
  An iguana (D:5)
  Ijyb (D:4)
  Natasha (twice) (D:2)
  An orc wizard (D:3)
  Terence (D:3)
  11 gnolls
  10 adders
  2 ufetubi
  3 dart slugs
  8 orcs
  4 bats
  8 endoplasms
  2 giant cockroaches
  6 goblins
  12 hobgoblins
  7 quokkas
  4 ball pythons
  5 frilled lizards
  11 kobolds
  5 rats
136 creatures vanquished.

Notes
Turn   | Place    | Note
-------+----------+-------------------------------------------
     0 | D:1      | Zelen911 the Draconian Berserker began the quest for the
                  | Orb.
     0 | D:1      | Reached XP level 1. HP: 19/19 MP: 1/1
   317 | D:1      | Reached XP level 2. HP: 24/26 MP: 2/2
   432 | D:1      | Found a faded altar of an unknown god.
  1015 | D:2      | Reached XP level 3. HP: 29/33 MP: 3/3
  1128 | D:2      | Noticed Natasha
  1157 | D:2      | Killed Natasha
  1250 | D:2      | Identified a scroll of acquirement
  1250 | D:2      | Acquired the scarf of Lust {+Inv, Contam rF+ Stlth+}
  1446 | D:2      | Noticed Jessica
  1452 | D:2      | Killed Jessica
  1453 | D:2      | Reached XP level 4. HP: 40/40 MP: 4/4
  2114 | D:2      | Found a glowing golden altar of the Shining One.
  2279 | D:2      | Reached skill level 4 in Long Blades
  2328 | D:2      | Noticed Natasha
  2340 | D:2      | Killed Natasha
  2846 | D:3      | Found Zin's Purification Station.
  2848 | D:3      | Found a glowing silver altar of Zin.
  2853 | D:3      | Reached XP level 5. HP: 41/46 MP: 5/5
  2858 | D:3      | Reached ** piety under Trog
  3083 | D:3      | Noticed Terence
  3093 | D:3      | Killed Terence
  3522 | D:3      | Found an ornate altar of the Wu Jian Council.
  3568 | D:3      | Noticed Grinder
  3588 | D:3      | Paralysed by Grinder for 3 turns
  3611 | D:3      | Killed Grinder
  3612 | D:3      | Reached skill level 5 in Long Blades
  3612 | D:3      | Reached skill level 1 in Stealth
  3612 | D:3      | Reached skill level 1 in Shields
  3612 | D:3      | Reached XP level 6. HP: 25/53 MP: 6/6
  3905 | D:4      | Found Leim's Distillery.
  3936 | D:4      | Found a staircase to the Ecumenical Temple.
  3989 | D:4      | Noticed Ijyb
  4005 | D:4      | Killed Ijyb
  4640 | D:5      | Entered Level 5 of the Dungeon
  4738 | D:5      | Your scales start taking on a lurid green colour.
  4738 | D:5      | Reached XP level 7. HP: 60/60 MP: 7/7
  4738 | D:5      | Gained mutation: Your system is resistant to poisons.
                  | (rPois) [Green Draconian growth]
  4903 | D:5      | Reached skill level 6 in Long Blades
  5005 | D:5      | Reached skill level 5 in Fighting
  5513 | D:5      | Noticed Menkaure
  5530 | D:5      | Killed Menkaure
  5814 | D:6      | Reached *** piety under Trog
  5815 | D:6      | Reached XP level 8. HP: 57/68 MP: 8/8
  5819 | D:6      | Reached skill level 7 in Long Blades
  5875 | D:6      | Found a shadowy altar of Dithmenos.
  5879 | D:6      | Found an ancient bone altar of Kikubaaqudgha.
  5888 | D:6      | Found a sacrificial altar of Ru.
  5893 | D:6      | Found an iron altar of Okawaru.
  5894 | D:6      | Found a bloodstained altar of Trog.
  5900 | D:6      | Found a hazy altar of Hepliaklqana.
  5906 | D:6      | Found a burning altar of Makhleb.
  5949 | D:6      | Reached skill level 5 in Dodging
  6108 | D:6      | Noticed Eustachio
  6129 | D:6      | Killed Eustachio
  6468 | D:6      | Noticed Blork the orc
  6493 | D:6      | Killed Blork the orc
  6596 | D:6      | Found a blossoming altar of Fedhas.
  6663 | D:6      | Reached skill level 8 in Long Blades
  6697 | D:6      | Noticed Prince Ribbit
  6739 | D:6      | Killed Prince Ribbit
  6740 | D:6      | Reached XP level 9. HP: 24/75 MP: 9/9
  7476 | D:7      | Reached skill level 9 in Long Blades
  7871 | D:7      | Found a flagged portal.
  7898 | Bailey   | Entered a bailey
  7951 | Bailey   | Slain by an orc warrior

Illustrated notes

Levels and vault maps discovered:
D:1:      wander_arrival_peaceful_grave, layout_basic,
          shapermc_ecumenical_altar_venn
D:2:      layout_loops_ring, basic_altar, uniq_natasha, uniq_jessica
D:3:      layout_basic, nzn_wu_jian_contemplation, zin_purify,
          kennysheep_crisscross, minmay_goblin_outpost, uniq_grinder,
          uniq_terence
D:4:      layout_basic, minmay_temple_entry_mist, serial_shops, shop,
          kennysheep_generic_room_11, uniq_ijyb
D:5:      layout_basic, minmay_misc_feat_more_columns, hangedman_decor_push,
          chequers_avenue, uniq_menkaure
D:6:      layout_rooms, mainiacjoe_overflow_cross_hatched,
          nicolae_overflow_hallway_of_the_gods, minmay_liquid_box,
          serial_park_tiny_1, kennysheep_windowed_goal, uniq_blork_the_orc,
          uniq_eustachio, uniq_prince_ribbit1
D:7:      layout_layer_cave, enter_bailey_1
Bailey:   bailey_axe_4, bailey

Skill      XL: |  1  2  3  4  5  6  7  8  9 |
---------------+----------------------------+-----
Dodging        | 3 4 5 6 |  6.5
Fighting       | 4 5 6 |  6.7
Long Blades    | 4 5 6 8 9 |  9.2
Stealth        | 1 2 3 |  3.5
Shields        | 1 2 4 |  4.9

Action                     |  1- 3 |  4- 6 |  7- 9 || total
---------------------------+-------+-------+-------++-------
  Melee: Falchion          |    90 |   201 |   363 ||   654
         Tailslap          |    10 |    25 |    63 ||    98
 Invoke: Berserk           |     3 |     2 |     5 ||    10
Ability: Breathe Noxious F |       |       |     3 ||     3
    Use: Potion            |     2 |     5 |     3 ||    10
         Scroll            |     1 |     9 |       ||    10
   Stab: Sleeping          |       |     1 |     3 ||     4
         Confused          |       |       |     3 ||     3
 Armour: Skin              |    34 |    68 |    69 ||   171
  Dodge: Dodged            |    64 |    97 |   178 ||   339
  Block: Kite shield       |       |    64 |   160 ||   224
